 Dungeon Crawl Stone Soup version 0.26-a0-812-g31a745ddcd (webtiles) character file.

Game seed: 4930844604313150949

80 kae the Insei (level 4, -1/25 HPs)
             Began as a Tengu Transmuter on Nov 23, 2020.
             Killed by nerve-wracking pain
             ... invoked by an orc priest
              (14 damage)
             ... on level 3 of the Dungeon.
             The game lasted 00:01:14 (2595 turns).

kae the Insei (Tengu Transmuter)                    Turns: 2595, Time: 00:01:15

Health: -1/25      AC:  2    Str: 11    XL:     4   Next: 39%
Magic:  7/8        EV: 13    Int: 13    God:
Gold:   47         SH:  0    Dex: 15    Spells: 3/7 levels left

rFire    . . .     SeeInvis .     - Unarmed
rCold    . . .     Faith    .   (no shield)
rNeg     . . .     Spirit   .   a - +0 robe
rPois    .         Reflect  .   (helmet restricted)
rElec    .         Harm     .   (no cloak)
rCorr    .         Rampage  .   (no gloves)
MR       .....                  (boots unavailable)
Stlth    +.........             (no amulet)
HPRegen  0.08/turn              (no ring)
MPRegen  0.11/turn              (no ring)

@: no status effects
A: beak, talons 3
a: no special abilities


You were on level 3 of the Dungeon.
You visited 1 branch of the dungeon, and saw 3 of its levels.

You collected 47 gold pieces.

Inventory:

Armour
 a - a +0 robe (worn)
Jewellery
 n - an uncursed ring of protection from fire {unknown}
Scrolls
 b - 2 scrolls of blinking {unknown}
 c - 2 scrolls of remove curse {unknown}
 e - 3 scrolls of enchant weapon {unknown}
 f - a scroll of amnesia {unknown}
 g - 2 scrolls of teleportation {unknown}
 i - 4 scrolls of identify {unknown}
 m - a scroll of fog {unknown}
Potions
 d - a potion of ambrosia {unknown}
 h - a potion of brilliance {unknown}
 j - a potion of curing {unknown}
 k - a potion of flight {unknown}
 l - 2 potions of berserk rage {unknown}


   Skills:
 + Level 1.6 Fighting
 + Level 2.7 Dodging
 * Level 4.1 Unarmed Combat
 + Level 2.3 Spellcasting
 * Level 2.3 Transmutations
 * Level 0.3 Poison Magic


You had 3 spell levels left.
You knew the following spells:

 Your Spells              Type           Power        Failure   Level
a - Beastly Appendage     Tmut           #.....       10%         1
b - Spider Form           Tmut/Pois      #.........   38%         3

Your spell library contained the following spells:

 Spells                   Type           Power        Failure   Level
 Wereblood                Tmut           #.......     14%         2
 Ice Form                 Ice/Tmut       #.......     83%         4
 Blade Hands              Tmut           #.........   95%         5


Dungeon Overview and Level Annotations

Branches:
Dungeon (3/15)

Altars:
Dithmenos
Kikubaaqudgha
Yredelemnul
Zin

Shops:
D:2 *

Annotations:
D:2 2 transporters, Menkaure
D:3 Grinder


Innate Abilities, Weirdness & Mutations

You have a beak for a mouth.
You have claws for feet.


Message History

You hit the orc.
The orc looks even sicker.
The orc is heavily wounded.
Grinder comes into view.
You hit the orc.
You kill the orc!
Grinder drinks a potion.
Grinder flickers and vanishes!
Deactivating autopickup; reactivate with Ctrl-A.
The orc wizard mumbles some strange words.
The orc wizard flickers and vanishes!
The orc misses you.
The orc priest calls down the wrath of Beogh upon you.
Beogh smites you!
A kobold comes into view. It is wielding a -1 short sword.
Your transformation has ended.
Your +0 robe unmelds from your body.
The orc closely misses you.
The kobold shouts!
The kobold drinks a potion.
The kobold flickers and vanishes!
The orc priest calls down the wrath of Beogh upon you.
Pain shoots through your body!
Ouch! That really hurt!
You die...

#.................#
#....##..o##.####.#
#........o# .#
#....#...## ..
######...# #.#
#...###o.## .#
..###.†<###...###.#
.>......#..o......#
..###....@#..####.#
#...###..# #...#
#..# #...# ##.#
##### ##


You could see an orc priest and 3 orcs.

Vanquished Creatures
  3 adders (D:2)
  An ooze (D:1)
  A dart slug (D:3)
  A leopard gecko (D:2)
  An orc (D:3)
  A ball python (D:3)
  6 bats
  4 giant cockroaches
  5 hobgoblins
  2 jackals (D:2)
  4 frilled lizards
  7 goblins (D:1)
  3 kobolds
  5 rats
44 creatures vanquished.

Notes
Turn   | Place    | Note
-------+----------+-------------------------------------------
     0 | D:1      | kae the Tengu Transmuter began the quest for the Orb.
     0 | D:1      | Reached XP level 1. HP: 12/12 MP: 4/4
   238 | D:1      | Reached XP level 2. HP: 13/16 MP: 4/6
   977 | D:1      | Reached XP level 3. HP: 20/20 MP: 5/7
   990 | D:1      | Learned a level 3 spell: Spider Form
  1853 | D:2      | Found Zin's Purification Station.
  1856 | D:2      | Found a glowing silver altar of Zin.
  1885 | D:2      | Reached skill level 4 in Unarmed Combat
  1963 | D:2      | Found a shadowy altar of Dithmenos.
  1975 | D:2      | Reached XP level 4. HP: 12/25 MP: 8/8
  2319 | D:2      | Found a transporter.
  2320 | D:2      | Found an ancient bone altar of Kikubaaqudgha.
  2322 | D:2      | Noticed Menkaure
  2326 | D:2      | Found a basalt altar of Yredelemnul.
  2344 | D:2      | Found a transporter.
  2354 | D:2      | Noticed a necrophage
  2581 | D:3      | Noticed Grinder
  2595 | D:3      | Killed from afar by an orc priest

Illustrated notes

Levels and vault maps discovered:
D:1:      dpeg_arrival_refuge, layout_rooms
D:2:      layout_basic, gammafunk_temple_of_torment, zin_purify,
          old_standard_altar
D:3:      layout_rooms, gammafunk_temple_overflow_arena, uniq_grinder,
          uniq_natasha

Skill      XL: |  1  2  3 |
---------------+----------+-----
Transmutations | 2 |  2.3
Unarmed Combat | 4 |  4.1
Fighting       | |  1.6
Dodging        | |  2.7
Spellcasting   | |  2.3
Poison Magic   | |  0.3

Action                   |  1- 3 |  4- 6 || total
-------------------------+-------+-------++-------
Melee: Unarmed           |    77 |    22 ||    99
       Kick              |    18 |     3 ||    21
       Headbutt          |     8 |     1 ||     9
       Peck              |     7 |     2 ||     9
 Cast: Beastly Appendage |    28 |     4 ||    32
       Spider Form       |       |     1 ||     1
 Stab: Sleeping          |     2 |       ||     2
Armor: Robe              |    23 |     7 ||    30
Dodge: Dodged            |    77 |    29 ||   106

Table legend: (Time is in decaauts)
 A = Elapsed time spent in this place.
 B = Non-inter-level travel time spent in this place.
 C = Inter-level travel time spent in this place.
 D = Time resting spent in this place.
 E = Time spent auto-exploring this place.
 F = Levels seen in this place.
 G = Mean time per level.
                   A        B        C        D        E       F      G
               +--------+--------+--------+--------+--------+-----+--------+
         Total |   2587 |   2530 |     57 |     15 |   2179 |   3 |  862.3 |
       Dungeon |   2587 |   2530 |     57 |     15 |   2179 |   3 |  862.3 |
               +--------+--------+--------+--------+--------+-----+--------+

Top non-repeatable levels by time:
     D:1: 1338 daAuts
     D:2: 1040 daAuts
     D:3: 208 daAuts
